Map: Pylon LE

Players

ManlyManMeat - Winner!

  • Race: Zerg Zerg
  • League: Diamond
  • Spawn Location: 11:00

giro

  • Race: Terran Terran
  • League: Master
  • Spawn Location: 5:00

VOD

Have the link to the VOD?

Description

Time

  • Played on: July 5, 2025, 7:51 a.m.
  • Length: 15:50
Show
View Real Time Build Order
Export as new Build Order

ManlyManMeat Zerg - Winner!

Build Orders: Hatch First 

Get SALT Encoding   

  12  0:00  Drone  
  13  0:08  Drone  
  13  0:14  Extractor  
  13  0:16  Drone  
  15  0:22  Overlord  
  15  0:41  Drone  
  16  0:47  Hatchery  
  15  0:50  Drone  
  15  0:54  Drone  
  17  0:59  Drone  
  18  1:09  Extractor  
  17  1:14  Spawning Pool  
  17  1:17  Drone  
  17  1:21  Drone  
  18  1:26  Drone  
  19  1:37  Drone  
  20  2:00  Queen x2  
  25  2:01  Zergling x4  
  25  2:04  Overlord  
  26  2:10  Metabolic Boost  
  26  2:16  Drone  
  26  2:17  Drone  
  28  2:25  Drone x2  
  30  2:41  Overlord  
  30  2:43  Drone x3  
  32  3:01  Hatchery  
  31  3:05  Drone x3  
  31  3:06  Drone  
  31  3:10  Overlord  
  35  3:14  Drone x2  
  35  3:15  Drone  
  38  3:31  Spine Crawler x2  
  36  3:46  Drone x3  
  39  3:50  Extractor  
  39  3:51  Extractor  
  39  3:52  Extractor  
  36  3:58  Queen  
  36  4:00  Lair  
  36  4:01  Drone x3  
  41  4:11  Overlord x3  
  41  4:17  Drone, Spore Crawler x2  
  41  4:18  Drone x2  
  41  4:22  Queen  
  44  4:36  Drone  
  44  4:37  Drone  
  46  4:44  Baneling Nest  
  45  4:46  Drone x4  
  45  4:47  Evolution Chamber  
  45  4:51  Queen  
  50  4:53  Drone  
  50  4:57  Zergling x2  
  50  4:58  Zergling x6  
  53  5:08  Zergling x12  
  52  5:25  Spore Crawler x2  
  52  5:26  Spore Crawler  
  44  5:29  Spore Crawler  
  41  5:38  Spore Crawler x2  
  41  5:40  Drone  
  41  5:41  Drone x2  
  37  6:03  Zergling x22  
  47  6:07  Centrifugal Hooks  
  47  6:15  Baneling x8  
  44  6:37  Zergling x18  
  49  6:48  Zergling x2  
  49  6:49  Zergling x10  
  52  7:15  Zergling x14  
  57  7:37  Queen  
  58  7:51  Hatchery  
  51  8:05  Hatchery  
  50  8:14  Infestation Pit  
  41  9:07  Drone x3  
  39  10:03  Drone x5  
  41  10:25  Spawning Pool  
  41  10:27  Drone x4  
  31  11:12  Queen  
  31  11:13  Queen  
  31  11:15  Zergling x4  
  31  11:16  Zergling x6  
  31  11:17  Zergling x8  
  44  11:36  Overlord  
  44  11:37  Overlord x2  
  44  11:41  Spore Crawler  
  44  11:42  Spore Crawler x2  
  44  11:43  Spore Crawler  
  44  11:45  Spore Crawler  
  36  12:01  Zergling x2  
  36  12:02  Zergling x8  
  34  12:16  Zergling x6  
  34  12:25  Zergling x6  
  34  12:29  Hatchery  
  34  12:51  Hatchery  
  31  13:10  Lair  
  23  13:48  Hatchery  
  22  13:58  Hatchery  
  22  13:59  Hatchery  
  20  14:18  Spire  
  20  14:19  Spore Crawler x2  
  17  14:41  Drone x6  
  22  14:59  Drone  
  23  15:00  Drone x3  
  23  15:03  Drone x9  
  23  15:06  Queen  
Show
View Real Time Build Order
Export as new Build Order

giro Terran 

Build Orders: 1/1/1, Banshee Rush 

Get SALT Encoding   

  12  0:01  SCV  
  13  0:13  SCV  
  14  0:21  Supply Depot  
  14  0:25  SCV  
  15  0:29  Refinery  
  16  0:42  SCV  
  16  0:45  Barracks  
  16  0:52  Refinery  
  16  0:56  SCV  
  17  1:08  SCV  
  18  1:20  SCV  
  19  1:33  Supply Depot, Factory  
  19  1:35  SCV  
  20  1:41  Marine  
  21  1:49  SCV  
  22  1:58  Marine  
  23  2:01  SCV  
  24  2:17  Armory  
  24  2:20  Starport  
  24  2:23  Factory Tech Lab  
  24  2:27  SCV  
  25  2:33  Marine  
  26  2:40  SCV  
  27  2:51  Marine  
  27  2:57  SCV  
  29  3:08  Supply Depot  
  29  3:14  Terran Vehicle And Ship Armor Level 1  
  29  3:19  Orbital Command  
  29  3:23  Barracks Reactor  
  29  3:24  Factory Tech Lab  
  29  3:29  Banshee  
  32  3:37  Cloaking Field  
  32  3:48  Supply Depot  
  32  3:55  Thor  
  38  4:12  Medivac  
  40  4:43  Banshee  
  43  4:46  Command Center  
  43  5:34  Supply Depot  
  43  5:36  SCV  
  43  5:37  Marine x2  
  46  5:48  SCV  
  47  5:54  Marine  
  47  5:55  Thor, Marine  
  47  6:07  Medivac  
  49  6:13  Marine x2  
  51  6:26  Orbital Command  
  51  6:31  Fusion Core  
  34  6:57  Marine x2  
  20  7:17  Battlecruiser  
  16  9:48  Hellion  
  12  10:10  Hellion  
  14  10:31  Hellion  
  16  10:53  Hellion  
  16  11:15  Hellion  
  18  11:35  Orbital Command  
  14  12:34  SCV  
  13  12:46  SCV  
  13  12:48  Orbital Command  
  12  12:54  Orbital Command  
  8  13:15  SCV  
  8  13:16  Orbital Command  
  9  13:31  Orbital Command  
  8  13:42  SCV  
  9  13:57  SCV  
  9  13:59  SCV  
  11  14:13  Supply Depot  
  10  14:42  Bunker  
  10  14:43  SCV  
  11  14:51  Orbital Command  
  11  15:02  Marine  
Tags
 
Matchup
TvZ
Replay Pack
Myownreplay2
Spawn Locations
Cross Positions
Strategy
Banshee Rush
Add a new tag
Caveats
  • Supply blocks, unpowered buildings, or Contaminate may cause inaccurate times.
  • Supply counts are checked every 10 seconds.